Map: Lost and Found LE

Players

Neeb

  • Race: Protoss Protoss
  • Spawn Location: 1:00

MaNa - Winner!

  • Race: Protoss Protoss
  • Spawn Location: 7:00

Event: WCS Austin 2018

VOD

Have the link to the VOD?

Description

Time

  • Played on: June 2, 2018, 5:15 p.m.
  • Length: 14:19

All games in this series

Show
View Real Time Build Order
Export as new Build Order

Neeb Protoss 

Build Orders: Phoenix Opening, Archon Immortal 

Get SALT Encoding   

  12  0:00  Probe  
  13  0:12  Probe  
  14  0:17  Pylon  
  14  0:23  Probe  
  15  0:31  Probe  
  16  0:37  Gateway  
  16  0:39  Probe  
  16  0:46  Assimilator  
  17  0:50  Probe  
  17  0:54  Assimilator  
  18  0:58  Probe  
  19  1:06  Gateway, Probe  
  20  1:17  Probe  
  20  1:24  Cybernetics Core  
  21  1:29  Probe  
  22  1:33  Pylon  
  22  1:41  Probe  
  23  1:53  Probe  
  24  2:01  Stalker x2, Warp Gate  
  26  2:06  Probe  
  29  2:12  Pylon  
  29  2:18  Probe  
  30  2:31  Stalker x2  
  34  2:43  Stargate  
  34  3:04  Nexus  
  33  3:11  Probe  
  34  3:18  Phoenix  
  34  3:19  Pylon  
  34  3:24  Probe  
  37  3:36  Probe  
  37  3:38  Shield Battery  
  38  3:46  Phoenix  
  40  3:56  Probe  
  40  3:58  Robotics Facility  
  39  4:06  Sentry  
  39  4:08  Probe  
  39  4:09  Shield Battery  
  42  4:14  Probe  
  42  4:16  Sentry  
  45  4:21  Probe  
  45  4:22  Probe  
  46  4:26  Pylon  
  47  4:33  Probe  
  47  4:34  Stalker  
  50  4:40  Shield Battery x2  
  50  4:45  Sentry  
  52  4:50  Shield Battery  
  52  4:54  Stalker, Pylon  
  54  5:04  Probe  
  54  5:05  Probe  
  56  5:07  Zealot  
  56  5:13  Immortal  
  58  5:17  Probe  
  58  5:18  Probe  
  60  5:27  Stalker  
  66  5:29  Probe  
  66  5:31  Assimilator, Probe  
  66  5:32  Assimilator  
  68  5:40  Forge  
  68  5:44  Twilight Council  
  68  5:45  Probe  
  68  5:47  Probe  
  70  5:52  Stalker, Zealot  
  74  5:57  Protoss Ground Weapons Level 1, Probe  
  74  6:02  Warp Prism  
  69  6:06  Probe  
  69  6:09  Probe  
  69  6:18  Adept x2  
  75  6:19  Probe  
  75  6:21  Probe  
  75  6:23  Pylon  
  75  6:24  Pylon  
  77  6:31  Observer  
  78  6:42  Resonating Glaives  
  78  6:45  Gateway  
  78  6:48  Gateway  
  78  6:50  Gateway  
  78  6:52  Immortal  
  82  7:05  Gateway  
  82  7:06  Gateway  
  82  7:13  Nexus  
  82  7:16  Pylon  
  82  7:26  Immortal  
  82  7:37  Gateway  
  82  7:39  Templar Archives, Probe x2  
  82  7:42  Protoss Ground Weapons Level 2  
  84  7:45  Pylon  
  84  7:46  Adept x2  
  88  7:57  Probe x2  
  90  8:06  Adept  
  90  8:07  Adept x3  
  98  8:17  Adept x3  
  89  8:34  Adept x4  
  89  8:40  Immortal  
  78  8:50  High Templar x2  
  78  8:51  Adept  
  78  8:55  Archon  
  84  8:56  Adept x2  
  84  9:01  Adept  
  90  9:05  Adept  
  90  9:08  Adept  
  90  9:15  Adept  
  80  9:18  Adept x2  
  80  9:22  Adept  
  76  9:26  High Templar x2  
  80  9:31  Archon, Sentry  
  82  9:38  Adept  
  82  9:39  Adept, Warp Prism  
  86  9:50  Pylon  
  86  10:07  Adept x4  
  93  10:17  Pylon  
  93  10:24  Pylon  
  93  10:42  Pylon  
  93  10:44  High Templar  
  93  10:45  Adept x2, High Templar  
  101  10:50  Archon  
  101  10:53  Pylon  
  101  11:09  Adept x5  
  109  11:13  Pylon  
  109  11:14  Pylon  
  109  11:32  Adept x7  
  111  11:35  Adept  
  87  11:57  Adept x3  
  87  11:58  Adept x2  
  87  11:59  Adept  
  75  12:19  Phoenix  
  73  12:26  Immortal, Nexus  
  57  12:40  Sentry  
  57  12:41  High Templar x2  
  61  12:47  Archon  
  61  12:49  Stalker  
  63  12:59  Adept x2  
  67  13:08  Adept x2  
  67  13:11  Immortal  
  68  13:31  High Templar x2  
  68  13:36  Archon  
  68  13:37  Adept x2  
  68  13:38  Adept  
  74  13:46  Adept  
  72  13:55  Adept x2  
  74  14:02  Adept  
  57  14:10  Adept  
  57  14:11  Adept  
Show
View Real Time Build Order
Export as new Build Order

MaNa Protoss - Winner!

Build Orders:  

Get SALT Encoding   

  12  0:00  Probe  
  13  0:12  Probe  
  14  0:18  Pylon  
  14  0:24  Probe  
  15  0:32  Probe  
  15  0:37  Gateway  
  15  0:40  Probe  
  16  0:47  Assimilator  
  17  0:50  Probe  
  17  0:54  Assimilator  
  18  0:58  Probe  
  19  1:06  Probe  
  19  1:07  Gateway  
  20  1:17  Probe  
  20  1:25  Cybernetics Core  
  21  1:29  Probe  
  22  1:36  Pylon  
  22  1:41  Probe  
  23  1:54  Probe  
  23  1:56  Warp Gate  
  24  2:02  Stalker  
  24  2:03  Stalker  
  28  2:15  Pylon  
  28  2:32  Robotics Facility  
  27  2:37  Sentry  
  27  2:40  Sentry  
  31  2:59  Nexus  
  31  3:07  Probe  
  31  3:09  Immortal  
  36  3:25  Pylon  
  36  3:27  Probe  
  36  3:31  Sentry  
  39  3:48  Pylon  
  39  3:50  Warp Prism  
  39  4:01  Shield Battery  
  39  4:06  Probe  
  40  4:12  Sentry x2  
  40  4:13  Probe  
  45  4:18  Probe  
  46  4:24  Observer  
  46  4:26  Probe  
  46  4:30  Probe  
  49  4:35  Adept x2  
  51  4:47  Gateway x2  
  51  5:01  Stalker x2  
  49  5:22  Probe  
  49  5:23  Probe  
  49  5:26  Stalker x2  
  55  5:35  Probe x2  
  57  5:37  Twilight Council  
  55  5:45  Sentry  
  55  5:46  Adept x2  
  61  5:50  Pylon  
  61  5:51  Pylon  
  59  6:05  Probe  
  59  6:06  Probe  
  59  6:07  Blink  
  61  6:12  Forge  
  61  6:13  Probe  
  61  6:18  Probe  
  63  6:19  Protoss Ground Weapons Level 1  
  63  6:21  Probe  
  63  6:23  Pylon  
  64  6:28  Immortal  
  64  6:30  Probe  
  64  6:32  Probe  
  70  6:43  Probe  
  70  6:44  Assimilator, Probe  
  70  6:46  Assimilator  
  72  6:49  Pylon  
  72  6:55  Probe  
  72  6:56  Probe  
  72  7:00  Stalker  
  76  7:03  Stalker, Zealot  
  80  7:10  Probe  
  80  7:15  Stalker  
  83  7:20  Probe  
  83  7:22  Probe  
  83  7:32  Stalker  
  83  7:33  Stalker x2  
  91  7:38  Pylon  
  89  7:44  Gateway  
  89  7:45  Gateway  
  89  7:55  Stalker  
  89  7:56  Stalker  
  89  7:57  Stalker  
  89  7:58  Stalker  
  97  8:02  Pylon  
  97  8:26  Stalker  
  97  8:27  Stalker x3  
  75  8:50  Sentry x2, Nexus  
  75  8:51  Stalker x2, Sentry  
  75  8:52  Stalker  
  87  8:58  Probe x2  
  87  9:13  Stalker x2  
  87  9:14  Stalker  
  81  9:17  Protoss Ground Weapons Level 2  
  81  9:20  Stalker x2  
  81  9:22  Probe  
  78  9:39  Zealot, Sentry  
  78  9:40  Zealot  
  78  9:48  Robotics Bay  
  78  9:49  Stalker x2  
  82  10:02  Immortal  
  85  10:20  Shield Battery  
  85  10:21  Sentry  
  87  10:22  Shield Battery, Probe  
  87  10:23  Probe  
  87  10:25  Shield Battery  
  89  10:32  Disruptor, Probe  
  89  10:34  Probe  
  91  10:40  Stalker x3  
  91  10:41  Stalker  
  102  10:45  Photon Cannon  
  102  10:49  Stalker  
  104  10:50  Stalker  
  106  10:58  Pylon, Disruptor  
  106  10:59  Pylon  
  106  11:10  Adept x2  
  113  11:19  Stalker x2  
  105  11:27  Stalker  
  105  11:32  Disruptor  
  88  11:45  Stalker  
  73  11:48  Stalker x2  
  61  11:59  Stalker x2  
  54  12:01  Stalker  
  54  12:08  Stalker  
  50  12:16  Stalker x2  
  50  12:18  Probe  
  50  12:19  Probe x2  
  53  12:25  Stalker  
  51  12:31  Probe x3  
  52  12:37  Stalker  
  52  12:43  Probe x2  
  56  12:45  Probe  
  57  13:10  Stalker x3  
  57  13:24  Stalker  
  57  13:25  Stalker x2  
  63  13:27  Probe  
  63  13:33  Probe x2  
  64  13:44  Stalker  
  64  13:45  Stalker  
  68  13:48  Probe  
  68  13:53  Stalker  
  59  14:10  Stalker x2  
Tags
 
Add a new tag
Caveats
  • Supply blocks, unpowered buildings, or Contaminate may cause inaccurate times.
  • Supply counts are checked every 10 seconds.